[ AOE2 MATCH · #489945374 ]
UnrankedBritons vs Aztecs
[ REPLAY ANALYSIS · EXTRACTED FROM THE RECORDED GAME ]
Feudal
12:15
Castle
21:06
Imperial
36:14
| APM avg | 18.4 |
| APM peak | 70 |
| eAPM avg | 14.5 |
| Villagers / military | 93 / 303 |
Focus
⚔️ 53.5% · 🌾 46.5%
Longbowman ×193 · Spearman ×104 · Trebuchet (Packed) ×6 · Trade Cart ×2
Feudal
21:42
Castle
29:41
Imperial
42:16
| APM avg | 32.7 |
| APM peak | 96 |
| eAPM avg | 21.2 |
| Villagers / military | 132 / 68 |
Focus
⚔️ 22.4% · 🌾 77.6%
Jaguar Warrior ×41 · Monk ×13 · Mangonel ×13 · Fishing Ship ×8 · Demolition Raft ×1
Feudal
16:14
Castle
31:50
Imperial
46:03
| APM avg | 18.2 |
| APM peak | 49 |
| eAPM avg | 9.5 |
| Villagers / military | 148 / 127 |
Focus
⚔️ 23.4% · 🌾 76.6%
Organ Gun ×63 · Skirmisher ×25 · Spearman ×22 · Trade Cart ×13 · Bombard Cannon ×10 · Fishing Ship ×6
Feudal
12:22
Castle
24:02
Imperial
37:16
| APM avg | 19.8 |
| APM peak | 54 |
| eAPM avg | 12.9 |
| Villagers / military | 114 / 140 |
Focus
⚔️ 33.3% · 🌾 66.7%
Spearman ×106 · Militia ×33 · Unknown (1968) ×19 · Unknown (1974) ×9 · Trade Cart ×8 · Unknown (1942) ×7
Feudal
13:01
Castle
20:33
Imperial
40:55
| APM avg | 29.7 |
| APM peak | 166 |
| eAPM avg | 20.4 |
| Villagers / military | 128 / 200 |
Focus
⚔️ 43.1% · 🌾 56.9%
Chakram Thrower ×66 · Elephant Archer ×65 · Skirmisher ×59 · Trade Cart ×11 · Scorpion ×6 · Trebuchet (Packed) ×4
Feudal
15:45
Castle
21:27
Imperial
32:59
| APM avg | 13.0 |
| APM peak | 40 |
| eAPM avg | 10.4 |
| Villagers / military | 129 / 483 |
Focus
⚔️ 39.3% · 🌾 60.7%
Spearman ×256 · Coustillier ×162 · Scorpion ×50 · Bombard Cannon ×12 · Monk ×2 · Battering Ram ×1
Feudal
11:52
Castle
20:18
Imperial
31:07
| APM avg | 16.3 |
| APM peak | 42 |
| eAPM avg | 10.9 |
| Villagers / military | 102 / 286 |
Focus
⚔️ 35.6% · 🌾 64.4%
Battle Elephant ×112 · Skirmisher ×99 · Spearman ×67 · Trebuchet (Packed) ×7 · Monk ×1
Feudal
13:06
Castle
22:09
Imperial
36:40
| APM avg | 22.2 |
| APM peak | 48 |
| eAPM avg | 14.2 |
| Villagers / military | 204 / 267 |
Focus
⚔️ 27.9% · 🌾 72.1%
Genitour ×235 · Trade Cart ×29 · Bombard Cannon ×14 · Monk ×4 · Knight ×4 · Camel Scout ×3
Match map
Initial resources + every placement click. Lines = walls · curves = elevation contours. ◆ gold · ⬟ stone · ● berries · ✦ relic · ◌ wall gap
Your base· Open — opponent sealed themselves in
bloody mary's base· ✓ Closed at 29:41 · 49t walls · no gate
L3GAL's base· Open — opponent sealed themselves in
伊田(Keato)'s base· ✓ Closed at 24:02 · 21t walls · no gate
典农中郎将's base· Open — opponent sealed themselves in
ErvilhaDaBoa 0.o !'s base· ✓ Closed at 21:27 · 22t walls · 1 gate(s)
宝宝巴士7716's base· Open — opponent sealed themselves in
Rasta4ri's base· ✓ Closed at 22:09 · 15t walls · no gate
Smoothed initial terrain · ◌ = detected wall gap · hover for details
Inputs per minute
— steveroessler - - bloody mary
Build order — steveroessler
First 150 of 528 actions detected
| 0:11 | Build | House |
| 0:11 | Build | House |
| 0:12 | Build | House |
| 0:13 | Build | House |
| 0:14 | Build | House |
| 0:19 | Create | Villager (Male) |
| 0:19 | Research | Loom |
| 0:20 | Create | Villager (Male) |
| 0:20 | Create | Villager (Male) |
| 0:20 | Create | Villager (Male) |
| 0:21 | Create | Villager (Male) |
| 1:26 | Create | Villager (Male) |
| 2:40 | Build | Palisade Wall |
| 3:12 | Create | Villager (Male) |
| 3:13 | Create | Villager (Male) |
| 4:07 | Create | Villager (Male) |
| 4:07 | Create | Villager (Male) |
| 5:05 | Create | Villager (Male) |
| 5:06 | Create | Villager (Male) |
| 5:06 | Create | Villager (Male) |
| 5:06 | Create | Villager (Male) |
| 5:32 | Create | Villager (Male) |
| 5:32 | Create | Villager (Male) |
| 5:33 | Create | Villager (Male) |
| 6:07 | Build | Mining Camp |
| 6:36 | Create | Villager (Male) |
| 6:36 | Create | Villager (Male) |
| 6:36 | Create | Villager (Male) |
| 8:08 | Create | Villager (Male) |
| 8:08 | Create | Villager (Male) |
| 8:10 | Create | Villager (Male) |
| 8:11 | Create | Villager (Male) |
| 8:33 | Build | Lumber Camp |
| 10:04 | Research | Feudal Age |
| 10:12 | Build | Mill |
| 10:26 | Build | Palisade Wall |
| 10:31 | Build | Palisade Wall |
| 12:15 | Age | Feudal Age |
| 12:18 | Create | Villager (Male) |
| 12:52 | Create | Villager (Male) |
| 12:52 | Create | Villager (Male) |
| 12:53 | Create | Villager (Male) |
| 12:53 | Create | Villager (Male) |
| 12:53 | Create | Villager (Male) |
| 12:58 | Build | Mill |
| 13:31 | Build | House |
| 13:32 | Build | House |
| 13:34 | Build | House |
| 13:35 | Build | House |
| 13:36 | Build | House |
| 13:37 | Build | House |
| 13:38 | Build | House |
| 13:39 | Build | House |
| 13:58 | Research | Double-Bit Axe |
| 14:56 | Create | Villager (Male) |
| 14:56 | Create | Villager (Male) |
| 15:08 | Build | Mining Camp |
| 15:29 | Build | Mining Camp |
| 15:32 | Create | Villager (Male) |
| 15:40 | Build | Blacksmith |
| 15:51 | Build | Market |
| 18:04 | Build | House |
| 18:04 | Build | House |
| 18:06 | Build | House |
| 18:26 | Research | Castle Age |
| 18:40 | Research | Horse Collar |
| 19:31 | Build | Stone Wall |
| 20:00 | Create | Trade Cart |
| 20:01 | Create | Trade Cart |
| 20:09 | Research | Stone Mining |
| 20:52 | Create | Villager (Male) |
| 20:52 | Create | Villager (Male) |
| 21:06 | Age | Castle Age |
| 21:11 | Build | Farm |
| 21:12 | Create | Villager (Male) |
| 21:15 | Create | Villager (Male) |
| 21:23 | Build | Town Center |
| 21:37 | Build | Town Center |
| 21:45 | Build | Town Center |
| 21:50 | Create | Villager (Male) |
| 22:02 | Research | Fletching |
| 22:02 | Research | Padded Archer Armor |
| 22:11 | Create | Villager (Male) |
| 22:21 | Build | Farm |
| 22:23 | Build | Farm |
| 22:24 | Build | Farm |
| 22:27 | Build | Farm |
| 22:28 | Build | Farm |
| 22:29 | Build | Farm |
| 22:33 | Build | Farm |
| 22:36 | Build | Farm |
| 22:41 | Build | Farm |
| 22:44 | Build | Farm |
| 22:49 | Create | Villager (Male) |
| 22:49 | Create | Villager (Male) |
| 22:49 | Create | Villager (Male) |
| 23:06 | Build | Castle |
| 23:16 | Build | Farm |
| 23:23 | Create | Villager (Male) |
| 23:29 | Create | Villager (Male) |
| 23:40 | Build | Farm |
| 23:44 | Create | Villager (Male) |
| 23:56 | Build | Farm |
| 24:00 | Create | Villager (Male) |
| 24:10 | Build | Farm |
| 24:14 | Create | Villager (Male) |
| 24:20 | Create | Villager (Male) |
| 24:28 | Build | Farm |
| 24:37 | Create | Villager (Male) |
| 24:40 | Create | Villager (Male) |
| 24:44 | Build | Town Center |
| 24:57 | Create | Villager (Male) |
| 26:02 | Build | Castle |
| 26:05 | Create | Villager (Male) |
| 26:06 | Create | Villager (Male) |
| 26:07 | Create | Villager (Male) |
| 26:08 | Create | Villager (Male) |
| 26:09 | Create | Villager (Male) |
| 26:24 | Research | Bodkin Arrow |
| 26:37 | Build | University |
| 26:52 | Build | Stone Wall |
| 26:55 | Build | Farm |
| 26:57 | Build | Farm |
| 27:03 | Build | Farm |
| 27:04 | Build | Farm |
| 27:08 | Build | Farm |
| 27:09 | Create | Villager (Male) |
| 27:18 | Create | Villager (Male) |
| 27:20 | Create | Villager (Male) |
| 28:03 | Build | Farm |
| 28:04 | Build | Farm |
| 28:21 | Research | Leather Archer Armor |
| 28:38 | Build | Farm |
| 28:49 | Research | Ballistics |
| 28:51 | Create | Longbowman |
| 28:52 | Create | Longbowman |
| 28:52 | Create | Longbowman |
| 28:53 | Create | Longbowman |
| 28:53 | Create | Longbowman |
| 28:53 | Create | Longbowman |
| 28:53 | Create | Longbowman |
| 28:54 | Create | Longbowman |
| 28:54 | Create | Longbowman |
| 28:54 | Create | Longbowman |
| 28:54 | Create | Longbowman |
| 29:03 | Build | Barracks |
| 29:04 | Build | Barracks |
| 29:18 | Build | Stone Wall |
| 29:22 | Build | Gate |
| 29:59 | Create | Longbowman |
Build order — bloody mary
First 150 of 316 actions detected
| 0:08 | Build | House |
| 0:09 | Build | House |
| 0:12 | Create | Villager (Male) |
| 0:12 | Create | Villager (Male) |
| 0:12 | Create | Villager (Male) |
| 0:14 | Research | Loom |
| 0:15 | Create | Villager (Male) |
| 0:15 | Create | Villager (Male) |
| 2:08 | Build | House |
| 2:11 | Build | Palisade Wall |
| 2:17 | Create | Villager (Male) |
| 2:17 | Create | Villager (Male) |
| 2:18 | Create | Villager (Male) |
| 3:06 | Build | Palisade Wall |
| 3:07 | Build | Palisade Wall |
| 3:24 | Build | Palisade Wall |
| 3:29 | Build | House |
| 3:44 | Build | Lumber Camp |
| 3:56 | Create | Villager (Male) |
| 3:56 | Create | Villager (Male) |
| 3:56 | Create | Villager (Male) |
| 3:56 | Create | Villager (Male) |
| 4:10 | Create | Villager (Male) |
| 4:10 | Create | Villager (Male) |
| 4:47 | Build | House |
| 4:50 | Build | Palisade Wall |
| 4:58 | Create | Villager (Male) |
| 4:59 | Create | Villager (Male) |
| 4:59 | Create | Villager (Male) |
| 5:15 | Create | Villager (Male) |
| 5:16 | Create | Villager (Male) |
| 5:16 | Create | Villager (Male) |
| 5:27 | Build | Palisade Wall |
| 6:02 | Build | Palisade Wall |
| 6:05 | Build | Palisade Wall |
| 6:08 | Build | Palisade Wall |
| 6:19 | Build | Palisade Wall |
| 6:32 | Build | House |
| 6:38 | Build | House |
| 6:48 | Build | House |
| 7:02 | Build | Palisade Wall |
| 7:07 | Build | Palisade Wall |
| 7:09 | Build | House |
| 7:23 | Build | House |
| 7:27 | Create | Villager (Male) |
| 7:28 | Create | Villager (Male) |
| 7:28 | Create | Villager (Male) |
| 7:28 | Create | Villager (Male) |
| 7:42 | Build | Palisade Wall |
| 8:16 | Build | House |
| 8:18 | Build | House |
| 8:43 | Build | House |
| 9:54 | Build | Palisade Wall |
| 10:05 | Build | Palisade Wall |
| 10:35 | Create | Villager (Male) |
| 10:36 | Create | Villager (Male) |
| 10:36 | Create | Villager (Male) |
| 10:36 | Create | Villager (Male) |
| 12:44 | Create | Villager (Male) |
| 12:45 | Create | Villager (Male) |
| 12:45 | Create | Villager (Male) |
| 12:45 | Create | Villager (Male) |
| 12:50 | Build | Lumber Camp |
| 13:11 | Build | House |
| 14:11 | Build | Dock |
| 14:16 | Build | Mill |
| 15:59 | Create | Fishing Ship |
| 15:59 | Create | Fishing Ship |
| 15:59 | Create | Fishing Ship |
| 16:02 | Create | Villager (Male) |
| 16:02 | Create | Villager (Male) |
| 16:20 | Create | Villager (Male) |
| 16:21 | Create | Villager (Male) |
| 16:21 | Create | Villager (Male) |
| 16:24 | Create | Villager (Male) |
| 16:24 | Create | Villager (Male) |
| 16:24 | Create | Villager (Male) |
| 16:25 | Create | Villager (Male) |
| 16:34 | Create | Villager (Male) |
| 16:34 | Create | Villager (Male) |
| 16:35 | Create | Villager (Male) |
| 17:30 | Create | Villager (Male) |
| 17:31 | Create | Villager (Male) |
| 17:31 | Create | Villager (Male) |
| 17:50 | Create | Villager (Male) |
| 17:50 | Create | Villager (Male) |
| 17:51 | Create | Villager (Male) |
| 17:53 | Create | Fishing Ship |
| 17:54 | Create | Fishing Ship |
| 18:07 | Create | Villager (Male) |
| 18:08 | Create | Villager (Male) |
| 18:21 | Create | Villager (Male) |
| 18:21 | Create | Villager (Male) |
| 18:21 | Create | Villager (Male) |
| 18:29 | Create | Villager (Male) |
| 18:29 | Create | Villager (Male) |
| 18:37 | Create | Villager (Male) |
| 19:03 | Create | Villager (Male) |
| 19:03 | Create | Villager (Male) |
| 19:04 | Create | Villager (Male) |
| 19:04 | Create | Villager (Male) |
| 19:10 | Research | Feudal Age |
| 20:37 | Create | Villager (Male) |
| 20:38 | Create | Villager (Male) |
| 20:38 | Create | Villager (Male) |
| 20:38 | Create | Villager (Male) |
| 20:38 | Create | Villager (Male) |
| 20:39 | Create | Villager (Male) |
| 20:39 | Create | Villager (Male) |
| 20:39 | Create | Villager (Male) |
| 20:39 | Create | Villager (Male) |
| 21:05 | Build | Lumber Camp |
| 21:29 | Build | Mining Camp |
| 21:42 | Age | Feudal Age |
| 22:00 | Build | Blacksmith |
| 22:44 | Build | Market |
| 22:50 | Create | Villager (Male) |
| 22:50 | Create | Villager (Male) |
| 22:51 | Create | Villager (Male) |
| 23:12 | Create | Villager (Male) |
| 23:12 | Create | Villager (Male) |
| 23:12 | Create | Villager (Male) |
| 23:13 | Create | Villager (Male) |
| 23:30 | Build | Fish Trap |
| 24:45 | Build | Fish Trap |
| 24:54 | Build | Fish Trap |
| 25:47 | Build | Mining Camp |
| 26:03 | Create | Fishing Ship |
| 26:03 | Create | Fishing Ship |
| 26:03 | Create | Fishing Ship |
| 26:09 | Build | Farm |
| 26:10 | Build | Farm |
| 26:11 | Build | Farm |
| 26:19 | Build | Farm |
| 26:47 | Build | Fish Trap |
| 27:01 | Research | Castle Age |
| 27:24 | Create | Villager (Male) |
| 27:24 | Create | Villager (Male) |
| 27:24 | Create | Villager (Male) |
| 27:24 | Create | Villager (Male) |
| 27:45 | Create | Villager (Male) |
| 27:45 | Create | Villager (Male) |
| 27:45 | Create | Villager (Male) |
| 27:55 | Build | Fish Trap |
| 28:11 | Create | Demolition Raft |
| 28:20 | Build | Farm |
| 28:21 | Build | Farm |
| 28:23 | Build | Farm |
| 28:30 | Build | Barracks |
| 28:40 | Research | Double-Bit Axe |
Build order — L3GAL
First 150 of 334 actions detected
| 0:03 | Research | Loom |
| 0:04 | Create | Villager (Male) ×4 |
| 0:04 | Create | Villager (Male) ×4 |
| 0:09 | Build | House |
| 0:10 | Build | House |
| 1:47 | Create | Villager (Male) |
| 2:22 | Create | Villager (Male) |
| 2:22 | Create | Villager (Male) |
| 2:47 | Create | Villager (Male) |
| 2:47 | Create | Villager (Male) |
| 3:09 | Create | Villager (Male) |
| 3:09 | Create | Villager (Male) |
| 3:09 | Create | Villager (Male) |
| 3:20 | Build | House |
| 3:27 | Create | Villager (Male) |
| 3:27 | Create | Villager (Male) |
| 3:27 | Create | Villager (Male) |
| 3:58 | Create | Villager (Male) ×2 |
| 3:58 | Create | Villager (Male) ×2 |
| 3:58 | Create | Villager (Male) ×2 |
| 4:17 | Create | Villager (Male) |
| 4:17 | Create | Villager (Male) |
| 4:17 | Create | Villager (Male) |
| 4:39 | Build | House |
| 4:43 | Create | Villager (Male) |
| 5:06 | Create | Villager (Male) |
| 5:07 | Create | Villager (Male) |
| 5:07 | Create | Villager (Male) |
| 5:48 | Create | Villager (Male) ×2 |
| 5:49 | Create | Villager (Male) ×2 |
| 5:49 | Create | Villager (Male) ×2 |
| 5:59 | Build | Mill |
| 6:57 | Create | Villager (Male) ×2 |
| 6:57 | Create | Villager (Male) ×2 |
| 7:14 | Create | Villager (Male) |
| 7:14 | Create | Villager (Male) |
| 7:15 | Create | Villager (Male) |
| 7:21 | Build | House |
| 7:42 | Build | Dock |
| 7:47 | Create | Villager (Male) |
| 8:18 | Create | Villager (Male) |
| 8:18 | Create | Villager (Male) |
| 9:33 | Create | Villager (Male) ×5 |
| 10:49 | Build | House |
| 10:50 | Build | House |
| 11:56 | Create | Villager (Male) |
| 12:01 | Create | Villager (Male) |
| 12:01 | Create | Villager (Male) |
| 12:30 | Build | Mill |
| 13:00 | Create | Villager (Male) |
| 13:14 | Build | Lumber Camp |
| 13:22 | Create | Villager (Male) |
| 14:04 | Research | Feudal Age |
| 14:56 | Create | Villager (Male) |
| 14:56 | Create | Villager (Male) |
| 14:57 | Create | Villager (Male) |
| 15:00 | Create | Villager (Male) |
| 15:00 | Create | Villager (Male) |
| 15:01 | Create | Villager (Male) |
| 15:12 | Build | Mill |
| 16:01 | Build | Barracks |
| 16:14 | Age | Feudal Age |
| 16:30 | Create | Villager (Male) |
| 16:30 | Create | Villager (Male) |
| 16:51 | Research | Double-Bit Axe |
| 17:04 | Research | Man-at-Arms (upgrade) |
| 17:15 | Create | Villager (Male) |
| 17:47 | Create | Villager (Male) |
| 18:09 | Build | Mining Camp |
| 18:19 | Create | Villager (Male) |
| 18:20 | Create | Villager (Male) |
| 18:34 | Build | House |
| 18:35 | Build | House |
| 18:37 | Build | House |
| 18:37 | Build | House |
| 18:44 | Build | House |
| 19:25 | Research | Horse Collar |
| 19:28 | Create | Villager (Male) |
| 19:47 | Create | Villager (Male) |
| 19:48 | Create | Villager (Male) |
| 19:55 | Build | House |
| 19:56 | Build | House |
| 19:57 | Build | House |
| 19:58 | Build | House |
| 19:59 | Build | House |
| 20:06 | Build | House |
| 20:49 | Create | Villager (Male) |
| 21:14 | Build | Lumber Camp |
| 21:28 | Create | Villager (Male) |
| 21:29 | Create | Villager (Male) |
| 21:49 | Build | Farm |
| 21:50 | Build | Farm |
| 21:51 | Build | Farm |
| 21:56 | Build | Farm |
| 22:01 | Create | Villager (Male) |
| 22:01 | Create | Villager (Male) |
| 22:12 | Create | Militia ×5 |
| 22:16 | Research | Arson |
| 22:38 | Build | Market |
| 22:42 | Build | House |
| 22:43 | Build | House |
| 22:45 | Build | House |
| 22:46 | Build | House |
| 22:52 | Create | Villager (Male) |
| 22:52 | Create | Villager (Male) |
| 23:09 | Build | Archery Range |
| 23:11 | Build | Archery Range |
| 23:23 | Build | Archery Range |
| 23:32 | Create | Villager (Male) |
| 23:32 | Create | Villager (Male) |
| 23:42 | Research | Tech 906 |
| 23:43 | Create | Fishing Ship |
| 23:50 | Create | Fishing Ship |
| 23:50 | Create | Fishing Ship |
| 24:33 | Create | Villager (Male) |
| 25:06 | Build | Blacksmith |
| 25:11 | Build | House |
| 25:11 | Build | House |
| 25:12 | Build | House |
| 25:14 | Build | House |
| 25:15 | Build | House |
| 25:16 | Build | House |
| 25:21 | Create | Villager (Male) |
| 25:21 | Create | Villager (Male) |
| 25:29 | Build | Farm |
| 25:31 | Build | Farm |
| 25:32 | Build | Farm |
| 25:33 | Build | Farm |
| 25:35 | Build | Farm |
| 25:36 | Build | Farm |
| 25:38 | Build | Farm |
| 25:40 | Build | Farm |
| 25:42 | Build | Farm |
| 25:44 | Build | Farm |
| 25:50 | Create | Villager (Male) |
| 25:58 | Build | Fish Trap |
| 25:59 | Build | Fish Trap |
| 26:34 | Create | Villager (Male) |
| 26:35 | Create | Villager (Male) |
| 26:58 | Build | Farm |
| 27:00 | Build | Farm |
| 27:02 | Build | Farm |
| 27:03 | Build | Farm |
| 27:05 | Build | Farm |
| 27:06 | Build | Farm |
| 27:07 | Build | Farm |
| 27:14 | Create | Villager (Male) |
| 27:14 | Create | Villager (Male) |
| 28:03 | Build | Barracks |
| 28:07 | Build | Barracks |
Build order — 伊田(Keato)
First 150 of 340 actions detected
| 0:02 | Create | Villager (Male) |
| 0:02 | Create | Villager (Male) |
| 0:03 | Create | Villager (Male) |
| 0:03 | Create | Villager (Male) |
| 0:03 | Create | Villager (Male) |
| 0:03 | Create | Villager (Male) |
| 0:05 | Build | House |
| 0:06 | Build | House |
| 0:11 | Build | House |
| 1:11 | Create | Villager (Male) |
| 1:11 | Create | Villager (Male) |
| 1:56 | Build | House |
| 2:03 | Build | Palisade Wall |
| 2:05 | Build | Palisade Wall |
| 2:13 | Create | Villager (Male) |
| 2:13 | Create | Villager (Male) |
| 2:19 | Build | Lumber Camp |
| 3:12 | Create | Villager (Male) |
| 3:13 | Create | Villager (Male) |
| 3:56 | Create | Villager (Male) |
| 3:57 | Create | Villager (Male) |
| 4:48 | Create | Villager (Male) |
| 4:48 | Create | Villager (Male) |
| 4:48 | Create | Villager (Male) |
| 5:20 | Build | Mill |
| 6:00 | Create | Villager (Male) |
| 6:01 | Create | Villager (Male) |
| 6:01 | Create | Villager (Male) |
| 6:01 | Create | Villager (Male) |
| 6:02 | Create | Villager (Male) |
| 7:06 | Create | Villager (Male) |
| 7:43 | Create | Villager (Male) |
| 7:43 | Create | Villager (Male) |
| 7:46 | Build | Lumber Camp |
| 8:22 | Create | Villager (Male) |
| 8:31 | Build | House |
| 8:33 | Build | House |
| 9:25 | Build | Barracks |
| 9:38 | Build | Barracks |
| 9:47 | Create | Villager (Male) |
| 9:47 | Create | Villager (Male) |
| 9:47 | Create | Villager (Male) |
| 9:59 | Research | Feudal Age |
| 10:00 | Create | Villager (Male) |
| 10:01 | Create | Villager (Male) |
| 10:28 | Research | Loom |
| 10:32 | Build | Mining Camp |
| 10:44 | Build | Farm |
| 10:47 | Build | Farm |
| 10:58 | Create | Villager (Male) |
| 11:23 | Create | Villager (Male) |
| 11:23 | Create | Villager (Male) |
| 11:30 | Create | Militia |
| 11:30 | Create | Militia |
| 11:55 | Create | Villager (Male) |
| 12:22 | Age | Feudal Age |
| 12:27 | Research | Man-at-Arms (upgrade) |
| 12:54 | Create | Villager (Male) |
| 12:54 | Create | Villager (Male) |
| 12:59 | Create | Militia |
| 13:00 | Create | Militia |
| 13:28 | Create | Militia |
| 13:28 | Create | Militia |
| 13:32 | Create | Villager (Male) |
| 13:32 | Create | Villager (Male) |
| 13:44 | Build | Blacksmith |
| 13:46 | Build | Market |
| 14:05 | Create | Villager (Male) |
| 14:11 | Build | Farm |
| 14:11 | Build | Farm |
| 14:11 | Build | Farm |
| 14:11 | Build | Farm |
| 14:37 | Create | Militia |
| 14:37 | Create | Militia |
| 14:37 | Create | Militia |
| 14:48 | Research | Scale Mail Armor |
| 15:15 | Build | Farm |
| 15:31 | Build | House |
| 15:33 | Build | House |
| 15:35 | Build | House |
| 15:37 | Build | House |
| 16:05 | Research | Double-Bit Axe |
| 16:07 | Create | Villager (Male) |
| 16:07 | Create | Villager (Male) |
| 16:45 | Build | Watch Tower |
| 16:47 | Create | Villager (Male) |
| 16:57 | Build | Farm |
| 17:02 | Build | Farm |
| 17:04 | Build | Farm |
| 17:43 | Research | Arson |
| 18:02 | Build | Farm |
| 18:04 | Build | Farm |
| 18:07 | Build | Farm |
| 18:10 | Build | Farm |
| 18:14 | Build | Farm |
| 18:16 | Build | Farm |
| 18:27 | Create | Villager (Male) |
| 18:43 | Build | House |
| 19:06 | Build | Stone Wall |
| 19:15 | Create | Villager (Male) |
| 19:15 | Create | Villager (Male) |
| 19:22 | Build | Farm |
| 19:23 | Build | Farm |
| 19:32 | Create | Militia |
| 19:32 | Create | Militia |
| 19:48 | Research | Forging |
| 19:58 | Research | Horse Collar |
| 20:14 | Build | Archery Range |
| 20:41 | Build | Dock |
| 20:57 | Create | Villager (Male) |
| 20:57 | Create | Villager (Male) |
| 21:16 | Build | Barracks |
| 21:21 | Research | Castle Age |
| 21:24 | Create | Fishing Ship |
| 21:24 | Create | Fishing Ship |
| 21:24 | Create | Fishing Ship |
| 21:30 | Create | Villager (Male) |
| 21:30 | Create | Villager (Male) |
| 21:55 | Create | Villager (Male) |
| 22:21 | Build | Barracks |
| 22:34 | Build | House |
| 22:35 | Build | House |
| 22:36 | Build | House |
| 22:37 | Build | House |
| 22:37 | Build | House |
| 22:37 | Build | House |
| 22:39 | Create | Villager (Male) |
| 22:39 | Create | Villager (Male) |
| 22:40 | Research | Wheelbarrow |
| 22:46 | Build | Farm |
| 22:48 | Build | Farm |
| 22:51 | Create | Fishing Ship |
| 23:07 | Create | Militia ×4 |
| 23:53 | Build | House |
| 23:53 | Build | House |
| 24:02 | Age | Castle Age |
| 24:03 | Research | Long Swordsman (upgrade) |
| 24:04 | Research | Squires |
| 24:20 | Create | Unit 1974 ×4 |
| 24:35 | Research | Chain Mail Armor |
| 24:42 | Build | Town Center |
| 25:56 | Research | Bow Saw |
| 25:58 | Research | Heavy Plow |
| 26:03 | Create | Villager (Male) |
| 26:04 | Create | Villager (Male) |
| 26:05 | Research | Town Watch |
| 26:07 | Create | Villager (Male) |
| 26:24 | Build | Monastery |
| 26:34 | Create | Villager (Male) |
| 26:34 | Create | Villager (Male) |
Build order — 典农中郎将
First 150 of 530 actions detected
| 0:03 | Create | Villager (Male) |
| 0:03 | Create | Villager (Male) |
| 0:03 | Create | Villager (Male) |
| 0:03 | Create | Villager (Male) |
| 0:03 | Create | Villager (Male) |
| 0:21 | Build | Mill |
| 1:17 | Build | House |
| 1:20 | Build | House |
| 2:24 | Create | Villager (Male) |
| 2:25 | Create | Villager (Male) |
| 2:25 | Create | Villager (Male) |
| 2:26 | Research | Loom |
| 3:12 | Create | Villager (Male) |
| 3:12 | Create | Villager (Male) |
| 3:12 | Create | Villager (Male) |
| 3:37 | Build | Palisade Wall |
| 4:27 | Create | Villager (Male) |
| 4:28 | Create | Villager (Male) |
| 4:28 | Create | Villager (Male) |
| 4:55 | Create | Villager (Male) |
| 4:56 | Create | Villager (Male) |
| 4:56 | Create | Villager (Male) |
| 5:54 | Build | Palisade Wall |
| 6:26 | Create | Villager (Male) |
| 6:27 | Create | Villager (Male) |
| 6:27 | Create | Villager (Male) |
| 6:40 | Build | House |
| 6:44 | Build | House |
| 6:45 | Build | House |
| 7:34 | Create | Villager (Male) |
| 7:34 | Create | Villager (Male) |
| 7:34 | Create | Villager (Male) |
| 8:01 | Build | Lumber Camp |
| 8:51 | Build | Mill |
| 9:43 | Build | House |
| 9:48 | Create | Villager (Male) |
| 9:48 | Create | Villager (Male) |
| 9:48 | Create | Villager (Male) |
| 9:48 | Create | Villager (Male) |
| 9:49 | Create | Villager (Male) |
| 9:49 | Create | Villager (Male) |
| 10:31 | Build | House |
| 10:34 | Build | House |
| 10:36 | Build | House |
| 10:38 | Build | House |
| 10:40 | Build | House |
| 10:44 | Create | Villager (Male) |
| 10:45 | Create | Villager (Male) |
| 10:51 | Research | Feudal Age |
| 11:21 | Create | Villager (Male) |
| 11:21 | Create | Villager (Male) |
| 11:22 | Create | Villager (Male) |
| 11:22 | Create | Villager (Male) |
| 11:22 | Create | Villager (Male) |
| 11:22 | Create | Villager (Male) |
| 11:23 | Create | Villager (Male) |
| 11:23 | Create | Villager (Male) |
| 11:39 | Build | Mill |
| 11:55 | Create | Villager (Male) |
| 11:55 | Create | Villager (Male) |
| 11:56 | Create | Villager (Male) |
| 12:13 | Build | House |
| 12:18 | Build | House |
| 12:20 | Build | House |
| 12:21 | Build | House |
| 12:23 | Build | House |
| 12:25 | Build | House |
| 13:01 | Age | Feudal Age |
| 13:30 | Build | House |
| 13:32 | Build | House |
| 14:14 | Build | Blacksmith |
| 15:06 | Build | Mining Camp |
| 16:26 | Build | Market |
| 16:36 | Create | Villager (Male) |
| 16:36 | Create | Villager (Male) |
| 16:36 | Create | Villager (Male) |
| 16:46 | Build | Farm |
| 16:49 | Build | Farm |
| 17:04 | Research | Double-Bit Axe |
| 17:53 | Research | Castle Age |
| 18:00 | Build | Lumber Camp |
| 18:09 | Create | Villager (Male) |
| 18:09 | Create | Villager (Male) |
| 18:57 | Build | Farm |
| 19:01 | Build | Farm |
| 19:02 | Build | Farm |
| 19:04 | Build | Farm |
| 19:07 | Build | Farm |
| 19:34 | Create | Trade Cart |
| 19:38 | Create | Trade Cart |
| 20:00 | Build | Stone Wall |
| 20:33 | Age | Castle Age |
| 20:40 | Build | Stone Wall |
| 21:38 | Build | Mining Camp |
| 21:42 | Create | Villager (Male) |
| 21:42 | Create | Villager (Male) |
| 21:42 | Create | Villager (Male) |
| 21:42 | Create | Villager (Male) |
| 21:42 | Create | Villager (Male) |
| 21:43 | Create | Villager (Male) |
| 21:43 | Create | Villager (Male) |
| 21:43 | Create | Villager (Male) |
| 22:00 | Create | Villager (Male) |
| 22:12 | Create | Villager (Male) |
| 22:12 | Create | Villager (Male) |
| 22:19 | Build | Farm |
| 22:22 | Build | Farm |
| 22:24 | Build | Farm |
| 22:26 | Build | Farm |
| 22:45 | Build | Stone Wall |
| 23:06 | Build | Town Center |
| 23:39 | Build | Barracks |
| 23:52 | Create | Villager (Male) |
| 23:52 | Create | Villager (Male) |
| 23:52 | Create | Villager (Male) |
| 24:12 | Create | Villager (Male) |
| 24:12 | Create | Villager (Male) |
| 24:12 | Create | Villager (Male) |
| 24:12 | Create | Villager (Male) |
| 24:13 | Create | Villager (Male) |
| 25:29 | Create | Villager (Male) |
| 25:30 | Create | Villager (Male) |
| 25:30 | Create | Villager (Male) |
| 25:30 | Create | Villager (Male) |
| 25:30 | Create | Villager (Male) |
| 25:31 | Create | Villager (Male) |
| 25:31 | Create | Villager (Male) |
| 25:42 | Build | Town Center |
| 26:03 | Build | Barracks |
| 26:17 | Build | Barracks |
| 26:20 | Create | Villager (Male) |
| 26:22 | Create | Villager (Male) |
| 26:22 | Create | Villager (Male) |
| 26:23 | Create | Villager (Male) |
| 26:34 | Build | Farm |
| 26:45 | Build | Farm |
| 26:47 | Create | Villager (Male) |
| 26:47 | Create | Villager (Male) |
| 27:08 | Build | Archery Range |
| 27:10 | Build | Archery Range |
| 27:47 | Create | Villager (Male) |
| 27:48 | Create | Villager (Male) |
| 27:48 | Create | Villager (Male) |
| 27:48 | Create | Villager (Male) |
| 27:48 | Create | Villager (Male) |
| 27:48 | Create | Villager (Male) |
| 28:07 | Build | Castle |
| 28:29 | Create | Villager (Male) |
| 28:35 | Create | Villager (Male) |
| 28:35 | Create | Villager (Male) |
Build order — ErvilhaDaBoa 0.o !
First 150 of 430 actions detected
| 0:19 | Create | Villager (Male) |
| 0:19 | Create | Villager (Male) |
| 0:20 | Create | Villager (Male) |
| 0:20 | Create | Villager (Male) |
| 0:20 | Create | Villager (Male) |
| 0:42 | Build | Palisade Wall |
| 0:54 | Build | Palisade Gate |
| 1:04 | Build | House |
| 1:05 | Build | House |
| 1:48 | Build | Palisade Wall |
| 3:10 | Create | Villager (Male) |
| 3:56 | Create | Villager (Male) |
| 3:56 | Create | Villager (Male) |
| 4:28 | Create | Villager (Male) |
| 4:28 | Create | Villager (Male) |
| 5:04 | Build | Lumber Camp |
| 5:07 | Create | Villager (Male) |
| 5:33 | Create | Villager (Male) |
| 6:31 | Create | Villager (Male) |
| 6:51 | Research | Double-Bit Axe |
| 7:27 | Create | Villager (Male) |
| 7:28 | Create | Villager (Male) |
| 7:28 | Create | Villager (Male) |
| 7:41 | Build | Mill |
| 7:57 | Build | House |
| 7:59 | Build | House |
| 8:34 | Create | Villager (Male) |
| 9:25 | Create | Villager (Male) |
| 9:26 | Create | Villager (Male) |
| 9:26 | Create | Villager (Male) |
| 9:27 | Create | Villager (Male) |
| 9:27 | Create | Villager (Male) |
| 11:14 | Build | House |
| 11:18 | Create | Villager (Male) |
| 11:19 | Create | Villager (Male) |
| 11:19 | Create | Villager (Male) |
| 11:19 | Create | Villager (Male) |
| 11:44 | Build | Farm |
| 11:48 | Build | Farm |
| 12:10 | Create | Villager (Male) |
| 12:12 | Create | Villager (Male) |
| 12:39 | Build | Farm |
| 12:41 | Build | Farm |
| 12:43 | Build | Farm |
| 12:45 | Build | Farm |
| 12:46 | Build | Farm |
| 12:47 | Build | Farm |
| 12:48 | Build | Farm |
| 13:24 | Build | Mining Camp |
| 13:27 | Research | Feudal Age |
| 14:03 | Research | Horse Collar |
| 14:11 | Research | Gold Mining |
| 14:33 | Research | Wheelbarrow |
| 14:34 | Create | Villager (Male) |
| 14:35 | Create | Villager (Male) |
| 15:21 | Build | Farm |
| 15:25 | Build | Farm |
| 15:45 | Age | Feudal Age |
| 15:49 | Research | Bow Saw |
| 16:21 | Research | Heavy Plow |
| 16:47 | Create | Villager (Male) |
| 16:48 | Create | Villager (Male) |
| 17:10 | Build | Market |
| 17:31 | Build | Farm |
| 17:57 | Create | Villager (Male) |
| 18:21 | Build | Blacksmith |
| 18:47 | Research | Castle Age |
| 18:58 | Build | House |
| 18:59 | Build | House |
| 19:01 | Build | House |
| 19:02 | Build | House |
| 19:31 | Build | Mining Camp |
| 20:13 | Create | Villager (Male) |
| 20:13 | Create | Villager (Male) |
| 20:13 | Create | Villager (Male) |
| 20:15 | Create | Villager (Male) |
| 20:15 | Create | Villager (Male) |
| 20:30 | Research | Stone Mining |
| 20:32 | Research | Gold Shaft Mining |
| 20:37 | Research | Gold Shaft Mining |
| 20:53 | Build | House |
| 20:54 | Build | House |
| 20:55 | Build | House |
| 20:55 | Build | House |
| 21:27 | Age | Castle Age |
| 21:45 | Build | Town Center |
| 21:59 | Create | Villager (Male) |
| 21:59 | Create | Villager (Male) |
| 22:00 | Create | Villager (Male) |
| 22:00 | Create | Villager (Male) |
| 22:40 | Create | Villager (Male) |
| 22:40 | Create | Villager (Male) |
| 22:41 | Create | Villager (Male) |
| 22:41 | Create | Villager (Male) |
| 22:41 | Create | Villager (Male) |
| 22:42 | Create | Villager (Male) |
| 22:42 | Create | Villager (Male) |
| 22:43 | Create | Villager (Male) |
| 22:44 | Create | Villager (Male) |
| 22:44 | Create | Villager (Male) |
| 22:54 | Build | House |
| 23:15 | Build | House |
| 23:16 | Build | House |
| 23:21 | Build | Farm |
| 23:30 | Research | Stone Shaft Mining |
| 24:05 | Research | Two-Man Saw |
| 24:17 | Build | House |
| 24:21 | Build | House |
| 24:52 | Research | Crop Rotation |
| 24:53 | Research | Crop Rotation |
| 25:03 | Build | House |
| 25:11 | Create | Villager (Male) |
| 25:20 | Create | Villager (Male) |
| 25:21 | Create | Villager (Male) |
| 25:21 | Create | Villager (Male) |
| 25:21 | Create | Villager (Male) |
| 25:24 | Create | Villager (Male) |
| 25:28 | Create | Villager (Male) |
| 25:28 | Create | Villager (Male) |
| 25:37 | Build | University |
| 26:04 | Build | Castle |
| 26:09 | Build | Farm |
| 26:14 | Build | Farm |
| 26:36 | Create | Villager (Male) |
| 26:37 | Create | Villager (Male) |
| 26:37 | Create | Villager (Male) |
| 26:38 | Create | Villager (Male) |
| 26:38 | Create | Villager (Male) |
| 26:38 | Create | Villager (Male) |
| 26:42 | Build | Farm |
| 26:45 | Build | Farm |
| 26:49 | Build | Farm |
| 26:52 | Build | Farm |
| 26:55 | Create | Villager (Male) |
| 27:02 | Build | House |
| 27:03 | Build | House |
| 27:07 | Build | Farm |
| 27:10 | Build | Farm |
| 27:18 | Create | Villager (Male) |
| 27:19 | Create | Villager (Male) |
| 27:19 | Create | Villager (Male) |
| 27:19 | Create | Villager (Male) |
| 27:20 | Create | Villager (Male) |
| 27:37 | Build | Farm |
| 27:44 | Build | Farm |
| 28:04 | Build | Farm |
| 28:23 | Research | Hand Cart |
| 28:25 | Create | Villager (Male) |
| 28:26 | Create | Villager (Male) |
| 28:26 | Create | Villager (Male) |
Build order — 宝宝巴士7716
First 150 of 334 actions detected
| 0:03 | Build | House |
| 0:06 | Build | House |
| 0:18 | Create | Villager (Male) |
| 0:19 | Create | Villager (Male) |
| 0:19 | Create | Villager (Male) |
| 0:47 | Create | Villager (Male) |
| 0:47 | Create | Villager (Male) |
| 1:45 | Create | Villager (Male) |
| 1:46 | Create | Villager (Male) |
| 2:34 | Build | Mill |
| 2:37 | Create | Villager (Male) |
| 2:38 | Create | Villager (Male) |
| 2:38 | Create | Villager (Male) |
| 3:46 | Create | Villager (Male) |
| 3:47 | Create | Villager (Male) |
| 3:47 | Create | Villager (Male) |
| 3:59 | Build | House |
| 4:30 | Create | Villager (Male) |
| 4:30 | Create | Villager (Male) |
| 5:27 | Create | Villager (Male) |
| 5:27 | Create | Villager (Male) |
| 5:27 | Create | Villager (Male) |
| 5:28 | Create | Villager (Male) |
| 5:46 | Build | Lumber Camp |
| 5:48 | Create | Villager (Male) |
| 6:00 | Build | House |
| 6:16 | Create | Villager (Male) |
| 6:33 | Create | Villager (Male) |
| 6:33 | Create | Villager (Male) |
| 7:43 | Create | Villager (Male) |
| 8:27 | Create | Villager (Male) |
| 8:28 | Create | Villager (Male) |
| 8:29 | Create | Villager (Male) |
| 8:36 | Build | House |
| 9:36 | Research | Feudal Age |
| 9:37 | Create | Villager (Male) |
| 9:48 | Build | Mining Camp |
| 11:08 | Create | Villager (Male) |
| 11:08 | Create | Villager (Male) |
| 11:08 | Create | Villager (Male) |
| 11:17 | Build | House |
| 11:52 | Build | House |
| 11:52 | Age | Feudal Age |
| 12:07 | Build | Stone Wall |
| 12:34 | Build | Stone Wall |
| 12:44 | Research | Horse Collar |
| 12:44 | Research | Horse Collar |
| 12:52 | Build | Farm |
| 12:53 | Build | Farm |
| 12:55 | Build | Farm |
| 12:57 | Build | Farm |
| 13:00 | Build | Farm |
| 13:08 | Build | Farm |
| 13:10 | Build | Farm |
| 13:13 | Build | Farm |
| 13:22 | Create | Villager (Male) |
| 13:22 | Create | Villager (Male) |
| 13:46 | Build | Mill |
| 14:03 | Research | Double-Bit Axe |
| 14:13 | Build | Farm |
| 14:15 | Build | Farm |
| 14:16 | Build | Farm |
| 14:20 | Create | Villager (Male) |
| 14:21 | Create | Villager (Male) |
| 14:21 | Create | Villager (Male) |
| 15:46 | Build | House |
| 15:47 | Build | House |
| 15:50 | Create | Villager (Male) |
| 15:51 | Create | Villager (Male) |
| 15:51 | Create | Villager (Male) |
| 16:30 | Build | Blacksmith |
| 16:34 | Build | Market |
| 16:42 | Build | House |
| 16:44 | Build | House |
| 16:46 | Build | House |
| 17:09 | Create | Villager (Male) |
| 17:38 | Research | Castle Age |
| 17:40 | Create | Villager (Male) |
| 17:40 | Create | Villager (Male) |
| 17:41 | Create | Villager (Male) |
| 18:21 | Build | Barracks |
| 18:39 | Create | Villager (Male) ×5 |
| 19:27 | Build | Lumber Camp |
| 19:56 | Build | Stable |
| 20:18 | Age | Castle Age |
| 20:27 | Build | Town Center |
| 20:59 | Build | House |
| 21:01 | Build | House |
| 21:06 | Build | House |
| 21:08 | Build | House |
| 21:22 | Create | Villager (Male) |
| 21:23 | Create | Villager (Male) |
| 21:23 | Create | Villager (Male) |
| 21:25 | Research | Loom |
| 21:26 | Research | Wheelbarrow |
| 21:30 | Research | Heavy Plow |
| 21:33 | Research | Bow Saw |
| 21:33 | Research | Bow Saw |
| 21:37 | Create | Villager (Male) |
| 21:37 | Create | Villager (Male) |
| 21:38 | Create | Villager (Male) |
| 21:53 | Build | Monastery |
| 22:20 | Build | Town Center |
| 22:26 | Research | Gold Mining |
| 22:26 | Research | Stone Mining |
| 22:42 | Build | Mining Camp |
| 22:51 | Create | Villager (Male) |
| 22:52 | Create | Villager (Male) |
| 22:52 | Create | Villager (Male) |
| 23:14 | Create | Monk |
| 23:27 | Create | Villager (Male) |
| 23:35 | Build | House |
| 23:37 | Build | House |
| 23:39 | Build | House |
| 23:41 | Build | House |
| 23:43 | Build | House |
| 24:13 | Create | Villager (Male) |
| 24:14 | Create | Villager (Male) |
| 24:14 | Create | Villager (Male) |
| 24:14 | Create | Villager (Male) |
| 24:27 | Create | Villager (Male) |
| 25:02 | Build | Castle |
| 25:13 | Create | Villager (Male) |
| 25:14 | Create | Villager (Male) |
| 25:19 | Build | Farm |
| 25:21 | Build | Farm |
| 25:24 | Build | Farm |
| 25:25 | Build | Farm |
| 25:26 | Build | Farm |
| 25:28 | Build | Farm |
| 25:29 | Build | Farm |
| 25:31 | Build | Farm |
| 25:33 | Build | Farm |
| 25:35 | Create | Villager (Male) |
| 25:35 | Create | Villager (Male) |
| 25:36 | Create | Villager (Male) |
| 25:36 | Create | Villager (Male) |
| 25:41 | Create | Villager (Male) |
| 25:41 | Create | Villager (Male) |
| 25:55 | Build | Farm |
| 25:56 | Build | Farm |
| 26:01 | Build | Farm |
| 26:02 | Build | Farm |
| 26:06 | Build | Farm |
| 26:08 | Build | Farm |
| 26:14 | Build | Mining Camp |
| 26:18 | Build | House |
| 26:19 | Build | House |
| 26:20 | Build | House |
| 26:21 | Build | House |
Build order — Rasta4ri
First 150 of 379 actions detected
| 0:01 | Create | Villager (Male) |
| 0:01 | Create | Villager (Male) |
| 0:01 | Create | Villager (Male) |
| 0:02 | Build | House |
| 0:04 | Build | House |
| 0:05 | Build | House |
| 0:58 | Create | Villager (Male) |
| 0:58 | Create | Villager (Male) |
| 1:19 | Build | Palisade Wall |
| 1:27 | Create | Villager (Male) |
| 1:56 | Research | Loom |
| 2:19 | Build | Lumber Camp |
| 2:34 | Create | Villager (Male) |
| 2:34 | Create | Villager (Male) |
| 2:35 | Create | Villager (Male) |
| 3:20 | Create | Villager (Male) |
| 3:20 | Create | Villager (Male) |
| 3:40 | Create | Villager (Male) |
| 3:40 | Create | Villager (Male) |
| 4:21 | Create | Villager (Male) |
| 4:21 | Create | Villager (Male) |
| 5:33 | Create | Villager (Male) |
| 5:33 | Create | Villager (Male) |
| 5:33 | Create | Villager (Male) |
| 5:33 | Create | Villager (Male) |
| 5:34 | Create | Villager (Male) |
| 5:34 | Create | Villager (Male) |
| 6:01 | Build | Palisade Wall |
| 6:18 | Create | Villager (Male) |
| 6:19 | Create | Villager (Male) |
| 6:19 | Create | Villager (Male) |
| 6:19 | Create | Villager (Male) |
| 6:30 | Build | House |
| 6:53 | Build | Mill |
| 7:12 | Create | Villager (Male) |
| 7:12 | Create | Villager (Male) |
| 7:57 | Create | Villager (Male) |
| 7:57 | Create | Villager (Male) |
| 7:57 | Create | Villager (Male) |
| 8:18 | Build | Farm |
| 9:05 | Build | Mill |
| 9:15 | Build | Mining Camp |
| 9:39 | Create | Villager (Male) |
| 9:39 | Create | Villager (Male) |
| 10:17 | Create | Villager (Male) |
| 10:18 | Create | Villager (Male) |
| 10:45 | Build | House |
| 10:56 | Research | Feudal Age |
| 10:57 | Research | Feudal Age |
| 10:57 | Research | Feudal Age |
| 10:57 | Create | Villager (Male) |
| 10:57 | Create | Villager (Male) |
| 10:58 | Create | Villager (Male) |
| 11:49 | Build | Farm |
| 12:23 | Build | Farm |
| 12:55 | Build | Barracks |
| 13:06 | Age | Feudal Age |
| 13:25 | Create | Villager (Male) |
| 13:39 | Build | Blacksmith |
| 13:41 | Create | Villager (Male) |
| 13:41 | Create | Villager (Male) |
| 13:53 | Build | Lumber Camp |
| 13:58 | Create | Villager (Male) |
| 14:58 | Build | Stable |
| 15:10 | Create | Villager (Male) |
| 15:15 | Build | Farm |
| 15:22 | Create | Villager (Male) |
| 15:23 | Create | Villager (Male) |
| 15:37 | Research | Double-Bit Axe |
| 15:43 | Build | House |
| 15:49 | Build | Dock |
| 15:56 | Build | Farm |
| 15:59 | Research | Wheelbarrow |
| 16:00 | Create | Villager (Male) |
| 16:01 | Create | Villager (Male) |
| 16:02 | Create | Villager (Male) |
| 16:11 | Build | Farm |
| 16:14 | Build | Farm |
| 16:20 | Create | Scout Cavalry |
| 16:20 | Create | Scout Cavalry |
| 16:35 | Create | Fishing Ship |
| 16:35 | Create | Fishing Ship |
| 16:55 | Create | Villager (Male) |
| 16:57 | Research | Horse Collar |
| 17:12 | Research | Bloodlines |
| 17:50 | Build | Mining Camp |
| 17:57 | Build | House |
| 18:06 | Research | Town Watch |
| 18:35 | Build | Market |
| 18:39 | Create | Villager (Male) |
| 18:39 | Create | Villager (Male) |
| 18:49 | Build | Farm |
| 18:54 | Build | Farm |
| 19:21 | Research | Castle Age |
| 19:22 | Create | Villager (Male) |
| 19:22 | Create | Villager (Male) |
| 19:48 | Build | Watch Tower |
| 19:53 | Create | Villager (Male) |
| 19:54 | Create | Villager (Male) |
| 20:02 | Create | Militia |
| 20:03 | Create | Militia |
| 20:21 | Research | Arson |
| 20:33 | Research | Gold Mining |
| 20:34 | Research | Stone Mining |
| 20:52 | Build | Farm |
| 21:26 | Research | Forging |
| 21:37 | Research | Scale Mail Armor |
| 22:02 | Research | Man-at-Arms (upgrade) |
| 22:09 | Age | Castle Age |
| 22:20 | Build | Town Center |
| 22:24 | Create | Villager (Male) |
| 22:25 | Create | Villager (Male) |
| 22:25 | Create | Villager (Male) |
| 22:31 | Create | Villager (Male) |
| 22:33 | Build | House |
| 22:35 | Build | House |
| 22:49 | Research | Long Swordsman (upgrade) |
| 23:10 | Create | Villager (Male) ×2 |
| 23:11 | Create | Villager (Male) ×2 |
| 23:32 | Create | Villager (Male) ×2 |
| 23:32 | Create | Villager (Male) ×2 |
| 23:33 | Create | Villager (Male) |
| 23:33 | Create | Villager (Male) |
| 23:37 | Create | Villager (Male) ×3 |
| 23:38 | Create | Villager (Male) ×3 |
| 23:38 | Create | Villager (Male) ×3 |
| 24:18 | Research | Scale Barding Armor |
| 24:41 | Create | Knight |
| 24:41 | Create | Knight |
| 24:41 | Create | Knight |
| 24:42 | Create | Knight |
| 25:30 | Create | Villager (Male) ×4 |
| 25:30 | Create | Villager (Male) ×4 |
| 25:31 | Create | Villager (Male) ×4 |
| 25:36 | Build | Farm |
| 26:28 | Create | Villager (Male) ×5 |
| 26:29 | Create | Villager (Male) ×5 |
| 26:47 | Build | Farm |
| 26:51 | Build | Monastery |
| 26:56 | Research | Husbandry |
| 27:04 | Build | House |
| 27:23 | Build | Castle |
| 27:25 | Build | Mining Camp |
| 27:26 | Create | Villager (Male) ×2 |
| 27:26 | Create | Villager (Male) ×2 |
| 28:01 | Build | Farm |
| 28:05 | Create | Monk |
| 29:15 | Create | Villager (Male) ×5 |
| 29:15 | Create | Villager (Male) ×5 |
| 29:15 | Create | Villager (Male) ×5 |
Match timeline
| 0:42 | ErvilhaDaBoa 0.o ! · wall_segment Palisade Wall x11 |
| 1:19 | Rasta4ri · wall_segment Palisade Wall x14 |
| 1:48 | ErvilhaDaBoa 0.o ! · wall_segment Palisade Wall x11 |
| 2:03 | 伊田(Keato) · wall_segment Palisade Wall x11 |
| 2:05 | 伊田(Keato) · wall_segment Palisade Wall x3 |
| 2:11 | bloody mary · wall_segment Palisade Wall x7 |
| 2:40 | steveroessler · wall_segment Palisade Wall x15 |
| 3:06 | bloody mary · wall_segment Palisade Wall x1 |
| 3:07 | bloody mary · wall_segment Palisade Wall x1 |
| 3:24 | bloody mary · wall_segment Palisade Wall x1 |
| 3:37 | 典农中郎将 · wall_segment Palisade Wall x11 |
| 4:50 | bloody mary · wall_segment Palisade Wall x1 |
| 5:27 | bloody mary · wall_segment Palisade Wall x1 |
| 5:54 | 典农中郎将 · wall_segment Palisade Wall x19 |
| 6:01 | Rasta4ri · wall_segment Palisade Wall x1 |
| 6:02 | bloody mary · wall_segment Palisade Wall x1 |
| 6:05 | bloody mary · wall_segment Palisade Wall x1 |
| 6:08 | bloody mary · wall_segment Palisade Wall x1 |
| 6:19 | bloody mary · wall_segment Palisade Wall x1 |
| 7:02 | bloody mary · wall_segment Palisade Wall x1 |
| 7:07 | bloody mary · wall_segment Palisade Wall x1 |
| 7:42 | bloody mary · wall_segment Palisade Wall x23 |
| 7:42 | L3GAL · first_building Dock |
| 9:25 | 伊田(Keato) · first_building Barracks |
| 9:54 | bloody mary · wall_segment Palisade Wall x8 |
| 10:05 | bloody mary · wall_segment Palisade Wall x1 |
| 10:26 | steveroessler · wall_segment Palisade Wall x2 |
| 10:31 | steveroessler · wall_segment Palisade Wall x8 |
| 11:52 | 宝宝巴士7716 · age_up feudal |
| 12:07 | 宝宝巴士7716 · wall_segment Stone Wall x1 |
| 12:15 | steveroessler · age_up feudal |
| 12:22 | 伊田(Keato) · age_up feudal |
| 12:34 | 宝宝巴士7716 · wall_segment Stone Wall x15 |
| 12:55 | Rasta4ri · first_building Barracks |
| 13:01 | 典农中郎将 · age_up feudal |
| 13:06 | Rasta4ri · age_up feudal |
| 14:11 | bloody mary · first_building Dock |
| 14:58 | Rasta4ri · first_building Stable |
| 15:45 | ErvilhaDaBoa 0.o ! · age_up feudal |
| 15:49 | Rasta4ri · first_building Dock |
| 16:01 | L3GAL · first_building Barracks |
| 16:14 | L3GAL · age_up feudal |
| 18:21 | 宝宝巴士7716 · first_building Barracks |
| 18:24 | steveroessler · first_market_buy 100 food |
| 19:06 | 伊田(Keato) · wall_segment Stone Wall x8 |
| 19:16 | Rasta4ri · first_market_buy 100 food |
| 19:31 | steveroessler · wall_segment Stone Wall x15 |
| 19:56 | 宝宝巴士7716 · first_building Stable |
| 20:00 | 典农中郎将 · wall_segment Stone Wall x17 |
| 20:14 | 伊田(Keato) · first_building Archery Range |
| 20:18 | 宝宝巴士7716 · age_up castle |
| 20:33 | 典农中郎将 · age_up castle |
| 20:40 | 典农中郎将 · wall_segment Stone Wall x12 |
| 20:41 | 伊田(Keato) · first_building Dock |
| 21:06 | steveroessler · age_up castle |
| 21:27 | ErvilhaDaBoa 0.o ! · age_up castle |
| 21:42 | bloody mary · age_up feudal |
| 21:53 | 宝宝巴士7716 · first_building Monastery |
| 22:09 | Rasta4ri · age_up castle |
| 22:45 | 典农中郎将 · wall_segment Stone Wall x13 |
| 23:06 | steveroessler · first_building Castle |
| 23:09 | L3GAL · first_building Archery Range |
| 23:39 | 典农中郎将 · first_building Barracks |
| 24:02 | 伊田(Keato) · age_up castle |
| 25:02 | 宝宝巴士7716 · first_building Castle |
| 26:04 | ErvilhaDaBoa 0.o ! · first_building Castle |
| 26:24 | 伊田(Keato) · first_building Monastery |
| 26:29 | bloody mary · first_market_buy 100 food |
| 26:51 | Rasta4ri · first_building Monastery |
| 26:52 | steveroessler · wall_segment Stone Wall x8 |
| 27:08 | 典农中郎将 · first_building Archery Range |
| 27:23 | Rasta4ri · first_building Castle |
| 27:58 | 伊田(Keato) · first_market_buy 100 stone |
| 28:06 | 伊田(Keato) · first_building Castle |
| 28:07 | 典农中郎将 · first_building Castle |
| 28:30 | bloody mary · first_building Barracks |
| 29:03 | steveroessler · first_building Barracks |
| 29:18 | steveroessler · wall_segment Stone Wall x14 |
| 29:41 | bloody mary · age_up castle |
| 30:12 | ErvilhaDaBoa 0.o ! · first_building Barracks |
| 30:14 | bloody mary · first_building Monastery |
| 30:43 | 伊田(Keato) · first_building Siege Workshop |
| 30:49 | 典农中郎将 · wall_segment Stone Wall x10 |
| 31:04 | 典农中郎将 · wall_segment Stone Wall x6 |
| 31:07 | 宝宝巴士7716 · age_up imperial |
| 31:09 | 典农中郎将 · wall_segment Stone Wall x7 |
| 31:13 | 典农中郎将 · wall_segment Stone Wall x8 |
| 31:22 | 典农中郎将 · wall_segment Stone Wall x11 |
| 31:50 | L3GAL · age_up castle |
| 31:56 | bloody mary · first_building Siege Workshop |
| 32:19 | bloody mary · first_building Castle |
| 32:51 | ErvilhaDaBoa 0.o ! · first_building Monastery |
| 32:59 | ErvilhaDaBoa 0.o ! · age_up imperial |
| 33:10 | Rasta4ri · first_market_sell 500 wood |
| 33:19 | L3GAL · first_building Monastery |
| 35:28 | Rasta4ri · first_building Archery Range |
| 36:05 | 宝宝巴士7716 · first_building Archery Range |
| 36:14 | steveroessler · age_up imperial |
| 36:40 | Rasta4ri · age_up imperial |
| 37:16 | 伊田(Keato) · age_up imperial |
| 37:39 | 典农中郎将 · first_building Siege Workshop |
| 37:54 | 伊田(Keato) · tribute_sent a jugador 1 |
| 37:54 | 伊田(Keato) · tribute_sent a jugador 2 |
| 37:54 | 伊田(Keato) · tribute_sent a jugador 3 |
| 37:54 | 伊田(Keato) · tribute_sent a jugador 5 |
| 37:54 | 伊田(Keato) · tribute_sent a jugador 6 |
| 37:54 | 伊田(Keato) · tribute_sent a jugador 7 |
| 37:54 | 伊田(Keato) · tribute_sent a jugador 8 |
| 39:00 | ErvilhaDaBoa 0.o ! · first_building Siege Workshop |
| 39:01 | bloody mary · first_market_sell 100 food |
| 39:01 | 伊田(Keato) · first_market_sell 500 wood |
| 39:10 | L3GAL · first_building Castle |
| 40:55 | 典农中郎将 · age_up imperial |
| 41:07 | 伊田(Keato) · wall_segment Stone Wall x3 |
| 41:34 | L3GAL · first_building Siege Workshop |
| 41:46 | Rasta4ri · first_building Siege Workshop |
| 42:03 | 伊田(Keato) · wall_segment Stone Wall x1 |
| 42:16 | bloody mary · age_up imperial |
| 42:22 | 伊田(Keato) · wall_segment Stone Wall x4 |
| 46:03 | L3GAL · age_up imperial |
| 47:57 | bloody mary · tribute_sent a jugador 1 |
| 47:57 | bloody mary · tribute_sent a jugador 3 |
| 47:57 | bloody mary · tribute_sent a jugador 4 |
| 47:57 | bloody mary · tribute_sent a jugador 5 |
| 47:57 | bloody mary · tribute_sent a jugador 6 |
| 47:57 | bloody mary · tribute_sent a jugador 7 |
| 47:57 | bloody mary · tribute_sent a jugador 8 |
| 49:13 | 伊田(Keato) · resign |
[ AI ANALYSIS · 1 CREDIT ]
What really happened in this match?
Wolo.gg analyzes every decision: build order, eco, micro, common mistakes by bracket. Personalized analysis on WhatsApp or Discord in 30 seconds.
Civ guide
Britons
Perfil
Jugador #19020313